[Event "Titled Tuesday Blitz May 03 Late 2022"]
[White "Omariev, Maksim"]
[Black "Prieto Aranguren, Alain"]
[WhiteFideId "4193423"]
[BlackFideId "2268906"]
[WhiteElo "2505"]
[BlackElo "2235"]
[Result "1-0"]
[Round "11"]
[TimeControl "180+1"]
[Date "2022.05.03"]
[WhiteClock "0:00:05"]
[BlackClock "0:00:08"]

1. g4 h5 2. g5 h4 3. d4 c5 4. d5 b5 5. e4 b4 6. Be3 e6 7. Bc4 Ne7 8. d6 Ng6 9. f4 Bb7 10. Qd3 Qb6 11. Ne2 Qxd6 12. O-O Qxd3 13. cxd3 d5 14. Bb5+ Bc6 15. Bxc6+ Nxc6 16. Nd2 d4 17. Bf2 a5 18. Rac1 a4 19. Kg2 Be7 20. Kf3 Kd7 21. Kg4 Rhf8 22. Bxh4 f5+ 23. gxf6 gxf6 24. Bg3 f5+ 25. Kh3 Rh8+ 26. Kg2 Nh4+ 27. Kf2 Rag8 28. e5 Bd8 29. Nc4 Ne7 30. Ng1 Nd5 31. Nf3 Nxf3 32. Kxf3 Bh4 33. Rc2 Bxg3 34. hxg3 Rh3 35. Rg2 Rg4 36. Rff2 Nxf4 37. Rh2 Rxh2 38. Rxh2 Nxd3 39. Rh7+ Kc6 40. Re7 Kd5 41. Nb6+ Kc6 42. Nc4 b3 43. axb3 axb3 44. Na5+ Kb5 45. Nxb3 Nxb2 46. Rxe6 c4 47. Nxd4+ Kb4 48. Nxf5 Rg8 49. Ne3 c3 50. Rb6+ Kc5 51. Rb7 Nc4 52. Rc7+ Kd4 53. Rxc4+ Kd3 54. Rf4 c2 55. Nxc2 Kxc2 56. e6 Kd3 57. Re4 Rf8+ 58. Rf4 Re8 59. Rf6 Kd4 60. Kf4 Kd5 61. Kf5 Rg8 62. g4 Rh8 63. g5 Kd6 64. g6 Ke7 65. g7 Rh5+ 66. Kg6 Rh2 67. Rf7+ Kxe6 68. Rf8 Rg2+ 69. Kh6 Rh2+ 70. Kg6 Rg2+ 71. Kh7 Rh2+ 72. Kg8 Ke7 73. Rf5 Ke6 74. Rf1 Ke7 75. Rf3 Ke6 76. Kf8 Rc2 77. g8=Q+ 1-0


[Site "https://www.chess.com"]

[Event "Titled Tuesday Blitz May 03 Late 2022"]
[White "Ovezdurdyyeva, Jemal"]
[Black "Sernecki, Franciszek"]
[WhiteFideId "14001888"]
[BlackFideId "1169297"]
[WhiteElo "1946"]
[BlackElo "2165"]
[Result "0-1"]
[Round "11"]
[TimeControl "180+1"]
[Date "2022.05.03"]
[WhiteClock "0:00:44"]
[BlackClock "0:00:44"]

1. e4 e6 2. d4 d5 3. Nc3 Bb4 4. Bd3 dxe4 5. Bxe4 Nf6 6. Bd3 O-O 7. Nf3 b6 8. O-O Bb7 9. Bg5 Nbd7 10. a3 Be7 11. Qe2 h6 12. Bh4 Nd5 13. Bxe7 Qxe7 14. Nxd5 Bxd5 15. c4 Bb7 16. d5 Rfe8 17. Rfe1 Qf6 18. Qe4 g6 19. Qe3 exd5 20. Qxh6 Qxb2 21. Ng5 Qg7 22. Qh3 Nc5 23. cxd5 Bxd5 24. Bc2 Rad8 25. Rad1 Bc6 26. Qg3 Rxd1 27. Rxd1 Qe5 28. Qh4 Qe1+ 29. Rxe1 Rxe1# 0-1


[Site "https://www.chess.com"]

[Event "Titled Tuesday Blitz May 03 Late 2022"]
[White "Pakleza, Zbigniew"]
[Black "Melikyan, Gnel"]
[WhiteFideId "1119290"]
[BlackFideId "54109990"]
[WhiteElo "2467"]
[BlackElo "1772"]
[Result "1/2-1/2"]
[Round "11"]
[TimeControl "180+1"]
[Date "2022.05.03"]
[WhiteClock "0:00:03"]
[BlackClock "0:00:07"]

1. Nf3 Nf6 2. c4 c5 3. Nc3 Nc6 4. e3 g6 5. d4 cxd4 6. exd4 d5 7. cxd5 Nxd5 8. Bc4 Nb6 9. Bb3 Bg7 10. Be3 O-O 11. h3 Nb4 12. O-O N4d5 13. Bg5 Re8 14. Re1 Be6 15. Bh4 Rc8 16. Rc1 Nf4 17. Qd2 Bxb3 18. Qxf4 Bd5 19. Nxd5 Nxd5 20. Qe4 Qd7 21. Ne5 Qd6 22. Bg3 Nf6 23. Qxb7 Rxc1 24. Rxc1 Qxd4 25. Rc8 Rxc8 26. Qxc8+ Bf8 27. Nc6 Qd1+ 28. Kh2 Kg7 29. Nxa7 Qa4 30. Nc6 Qxa2 31. b4 Qc4 32. Qb7 Nd5 33. Ne5 Qxb4 34. Qxd5 e6 35. Qd7 Qe7 36. Qd4 Qf6 37. Qe4 Bd6 38. Ng4 Bxg3+ 39. Kxg3 Qc3+ 40. Qe3 Qc7+ 41. Qe5+ Qxe5+ 42. Nxe5 f6 43. Nc6 e5 44. f4 e4 45. f5 g5 46. Nd4 Kh6 47. Kf2 Kh5 48. g3 g4 49. h4 h6 50. Ne2 e3+ 51. Kxe3 1/2-1/2


[Site "https://www.chess.com"]

[Event "Titled Tuesday Blitz May 03 Late 2022"]
[White "Petrovic, Aleksa"]
[Black "Keller, Peter"]
[WhiteFideId "967629"]
[BlackFideId "1272105"]
[WhiteElo "2198"]
[BlackElo "2275"]
[Result "1-0"]
[Round "11"]
[TimeControl "180+1"]
[Date "2022.05.03"]
[WhiteClock "0:00:05"]
[BlackClock "0:00:02"]

1. d4 Nf6 2. c4 e6 3. Nf3 d5 4. Nc3 c6 5. Bg5 h6 6. Bxf6 Qxf6 7. Qb3 dxc4 8. Qxc4 b5 9. Nxb5 cxb5 10. Qxc8+ Qd8 11. Qxd8+ Kxd8 12. e3 Bb4+ 13. Kd1 a6 14. a3 Bd6 15. Bd3 Nd7 16. Ke2 Nb6 17. Rhc1 Kd7 18. Be4 Rac8 19. Nd2 Rxc1 20. Rxc1 Rc8 21. Rxc8 Kxc8 22. Kd3 Kc7 23. g3 Na4 24. Kc2 e5 25. d5 Kb6 26. Bh7 Nc5 27. Bg8 f6 28. b4 Nb7 29. Be6 a5 30. Kb3 a4+ 31. Kc3 Be7 32. Bf5 Nd6 33. Bd3 f5 34. e4 Bf6 35. f3 f4 36. Nf1 g5 37. g4 Bg7 38. Kd2 Bf6 39. Ke2 Ka6 40. Nd2 Kb6 41. Nb1 Kb7 42. Nc3 Kb6 43. Na2 Be7 44. Kd2 Bf6 45. Kc3 Be7 46. Nc1 Ne8 47. Bc2 Bd6 48. Nd3 Nf6 49. Nf2 Nh7 50. Bd3 Nf6 51. Kc2 Ne8 52. Nd1 Nc7 53. Nc3 Be7 54. Kd2 Bd6 55. Ke2 Be7 56. Kf2 Bd6 57. Kg2 Be7 58. Kh1 Bd6 59. h4 Be7 60. h5 Bd6 61. Kg2 Be7 62. Kf1 Bd6 63. Ke2 Be7 64. Kd1 Bd6 65. Kc2 Be7 66. Na2 Bd6 67. Nc1 Be7 68. Kc3 Bd6 69. Bc2 Be7 70. Nd3 Bd6 71. Nb2 Ne8 72. Bxa4 bxa4 73. Nxa4+ Kb5 74. Kb3 Nc7 75. Nc3+ Kb6 76. Kc4 Na6 77. Na4+ Kc7 78. Kb5 Kb7 79. Nc5+ Nxc5 80. bxc5 Bb8 81. d6 1-0


[Site "https://www.chess.com"]

[Event "Titled Tuesday Blitz May 03 Late 2022"]
[White "Piesik, Piotr"]
[Black "Jones, Gawain C B"]
[WhiteFideId "1136194"]
[BlackFideId "409561"]
[WhiteElo "2190"]
[BlackElo "2657"]
[Result "0-1"]
[Round "11"]
[TimeControl "180+1"]
[Date "2022.05.03"]
[WhiteClock "0:01:27"]
[BlackClock "0:01:48"]

1. Nf3 d5 2. g3 g6 3. Bg2 Bg7 4. d4 Nf6 5. O-O O-O 6. c4 c6 7. cxd5 cxd5 8. Nc3 Ne4 9. Qb3 Nxc3 10. bxc3 Nc6 11. Nd2 e6 12. e4 Na5 13. Qc2 b6 14. exd5 exd5 15. Re1 Bf5 16. Qa4 Rc8 17. Ba3 Bd7 18. Qd1 Re8 19. Bxd5 Rxc3 20. Bb4 Rd3 21. Bxa5 bxa5 22. Qc2 Rxd4 23. Be4 Rxd2 24. Qxd2 Bxa1 25. Rxa1 Rxe4 26. Rd1 Re7 0-1


[Site "https://www.chess.com"]

[Event "Titled Tuesday Blitz May 03 Late 2022"]
[White "Piliczewski, Bogusz"]
[Black "Kujawski, Adam"]
[WhiteFideId "1104144"]
[BlackFideId "1100920"]
[WhiteElo "1896"]
[BlackElo "2053"]
[Result "1/2-1/2"]
[Round "11"]
[TimeControl "180+1"]
[Date "2022.05.03"]
[WhiteClock "0:00:21"]
[BlackClock "0:00:09"]

1. d4 Nf6 2. Nf3 c5 3. c3 d5 4. Bf4 Nc6 5. e3 Qb6 6. Qb3 c4 7. Qxb6 axb6 8. a3 b5 9. Nbd2 b4 10. cxb4 Nxb4 11. Rc1 Nc6 12. Be2 e6 13. O-O b5 14. h3 Be7 15. Ne5 Nxe5 16. Bxe5 O-O 17. Bf3 Nd7 18. Bg3 f5 19. Ra1 Nb6 20. Bd1 Bd7 21. Nf3 b4 22. Bc7 Na4 23. Bxa4 Bxa4 24. axb4 Bxb4 25. Ne5 Rfc8 26. Bb6 Bb3 27. Nd7 Kf7 28. Bc5 Bxc5 29. Nxc5 Ke7 30. Ra3 Rxa3 31. bxa3 Ra8 32. Ra1 Kd6 33. Kf1 Ba4 34. Nxa4 Rxa4 35. Ke2 e5 36. Kd2 e4 37. Kc3 g5 38. g3 h5 39. h4 gxh4 40. gxh4 Ke6 41. Kb2 f4 42. Rg1 fxe3 43. fxe3 Ra8 44. Rg6+ Kf7 45. Rg5 Rb8+ 46. Kc2 Rb3 47. Rxd5 Rxa3 48. Rxh5 Rxe3 49. Rc5 Rh3 50. Rxc4 Rxh4 51. Kd2 Ke6 52. Ke3 Kd5 53. Rc5+ Kd6 54. Re5 Rg4 55. Rxe4 Rxe4+ 56. Kxe4 Ke6 57. d5+ Kd6 58. Kd4 Kd7 59. Ke5 Ke7 60. d6+ Kd7 61. Kd5 Kd8 62. Ke6 Ke8 63. d7+ Kd8 64. Kd6 1/2-1/2


[Site "https://www.chess.com"]

[Event "Titled Tuesday Blitz May 03 Late 2022"]
[White "Prohorov, Olexandr"]
[Black "Ambartsumova, Karina"]
[WhiteFideId "14105578"]
[BlackFideId "4166299"]
[WhiteElo "1993"]
[BlackElo "2262"]
[Result "0-1"]
[Round "11"]
[TimeControl "180+1"]
[Date "2022.05.03"]
[WhiteClock "0:00:02"]
[BlackClock "0:00:07"]

1. e4 e5 2. Nf3 Nc6 3. Bb5 a6 4. Bxc6 dxc6 5. O-O Bd6 6. b3 Nf6 7. Bb2 Bg4 8. d3 Nd7 9. Na3 Qe7 10. Nc4 f6 11. h3 Bh5 12. a4 c5 13. Ne3 Nf8 14. g4 Bg6 15. Nf5 Qd7 16. Qd2 Ne6 17. Kh2 h5 18. N3h4 Bf7 19. g5 fxg5 20. Nf3 g4 21. Nxe5 Nd4 22. Bxd4 cxd4 23. f4 gxf3 24. Qf4 O-O-O 25. Nxd6+ Qxd6 26. Kh1 Rhf8 27. Qh2 Be6 28. Nxf3 Qe7 29. Rf2 Qd7 30. Ne5 Rxf2 31. Qxf2 Qe7 32. Ng6 Qg5 33. Rg1 Qc5 34. h4 Bg4 35. Rf1 Kb8 36. Qd2 Rd7 37. Rf8+ Ka7 38. Rf1 Qd6 39. Qf2 Qc6 40. Ne5 Qc3 41. Nxd7 Bxd7 42. Rg1 Bg4 43. Rf1 c5 0-1


[Site "https://www.chess.com"]

[Event "Titled Tuesday Blitz May 03 Late 2022"]
[White "Romanchuk, Viktor"]
[Black "Zherebtsova, Alexandra"]
[WhiteFideId "14109271"]
[BlackFideId "24129518"]
[WhiteElo "2242"]
[BlackElo "2025"]
[Result "1-0"]
[Round "11"]
[TimeControl "180+1"]
[Date "2022.05.03"]
[WhiteClock "0:00:38"]
[BlackClock "0:00:05"]

1. d4 d5 2. c4 e6 3. Nc3 Be7 4. Nf3 Nf6 5. Bf4 b6 6. cxd5 Nxd5 7. Nxd5 Qxd5 8. e3 O-O 9. Be2 c5 10. O-O Bb7 11. a3 Rd8 12. Rc1 cxd4 13. Qxd4 Bf6 14. Qxd5 Bxd5 15. Ne5 Nd7 16. Nd3 e5 17. Nb4 Bb7 18. Bg3 Nc5 19. Na2 h6 20. Rfd1 e4 21. Nc3 Nd3 22. Bxd3 exd3 23. Rd2 Ba6 24. e4 Bd4 25. Bf4 Rac8 26. Be3 Bxc3 27. Rxc3 Rxc3 28. bxc3 Rc8 29. Bd4 f6 30. f3 Kf7 31. Kf2 Bc4 32. Ke3 b5 33. h4 a6 34. g4 g6 35. Rh2 h5 36. gxh5 gxh5 37. Rg2 Rg8 38. Rxg8 Kxg8 39. Bxf6 Kf7 40. Bg5 Ke6 41. f4 Kf7 42. f5 Kf8 43. e5 Kf7 44. e6+ Kf8 45. Kd4 Ke8 46. Ke5 Kf8 47. f6 a5 48. Bh6+ Ke8 49. f7+ 1-0


[Site "https://www.chess.com"]

[Event "Titled Tuesday Blitz May 03 Late 2022"]
[White "Romero Ruscalleda, Josep"]
[Black "Przybylski, Wojciech"]
[WhiteFideId "2231859"]
[BlackFideId "1117599"]
[WhiteElo "2289"]
[BlackElo "2133"]
[Result "1-0"]
[Round "11"]
[TimeControl "180+1"]
[Date "2022.05.03"]
[WhiteClock "0:00:10"]
[BlackClock "0:00:02"]

1. e4 c5 2. c3 Nf6 3. e5 Nd5 4. Nf3 e6 5. d4 cxd4 6. cxd4 Be7 7. a3 O-O 8. Bd3 d6 9. O-O dxe5 10. dxe5 b6 11. Qe2 Bb7 12. Rd1 Nd7 13. Bd2 Nc5 14. Bc2 Ba6 15. Qe1 Nd3 16. Qe4 f5 17. exf6 Nxf6 18. Qxe6+ Kh8 19. Bc3 Nc5 20. Qh3 Bd3 21. Ne1 Bxc2 22. Rxd8 Raxd8 23. Nxc2 Rd1+ 24. Be1 Nfe4 25. Nc3 Nxf2 26. Qh5 Rxa1 27. Nxa1 Nfd3 28. Bg3 Bf6 29. h3 Bd4+ 30. Kh2 Nxb2 31. Ne2 Bf6 32. Nc2 Nbd3 33. Ncd4 Ne4 34. Qf5 Nxg3 35. Nxg3 g6 36. Qxd3 Rd8 37. Nge2 Be5+ 38. g3 h5 39. Qxg6 h4 40. Qh5+ Kg8 41. Qxe5 1-0


[Site "https://www.chess.com"]

[Event "Titled Tuesday Blitz May 03 Late 2022"]
[White "Rytenko, Vsevolod"]
[Black "Zhang, Derek"]
[WhiteFideId "14133040"]
[BlackFideId "2087871"]
[WhiteElo "2120"]
[BlackElo "2085"]
[Result "1-0"]
[Round "11"]
[TimeControl "180+1"]
[Date "2022.05.03"]
[WhiteClock "0:01:29"]
[BlackClock "0:00:01"]

1. e4 e6 2. d4 d5 3. Bd3 dxe4 4. Bxe4 Nf6 5. Bf3 c5 6. Ne2 Nc6 7. Be3 e5 8. Bxc6+ bxc6 9. dxe5 Qxd1+ 10. Kxd1 Ng4 11. Nbc3 Be6 12. Nf4 Bf5 13. h3 Nxe5 14. g4 Bd7 15. Ke2 Rb8 16. b3 Be7 17. Ne4 c4 18. Bxa7 Rb5 19. a4 Rb7 20. Bd4 f6 21. a5 Kf7 22. a6 Rb5 23. Nc3 Rb4 24. Rhd1 cxb3 25. cxb3 Rxb3 26. Ne4 Be6 27. Nxe6 Kxe6 28. a7 Ra8 29. Ra6 Rb7 30. f4 Nd7 31. Rxc6+ Kf7 32. Rdc1 Raxa7 33. Bxa7 Rxa7 34. Rc7 Ra2+ 35. R1c2 Rxc2+ 36. Rxc2 Nf8 37. Kf3 Ne6 38. Rd2 Nc5 39. Nxc5 Bxc5 40. Ke4 Be7 41. f5 Bf8 42. Rd7+ Be7 43. Rb7 Ke8 44. Kd5 Kf7 45. h4 g6 46. h5 gxh5 47. gxh5 h6 48. Ra7 1-0


[Site "https://www.chess.com"]

[Event "Titled Tuesday Blitz May 03 Late 2022"]
[White "Shimanov, Aleksandr"]
[Black "Nagy, Gabor"]
[WhiteFideId "4198603"]
[BlackFideId "737119"]
[WhiteElo "2636"]
[BlackElo "2534"]
[Result "1-0"]
[Round "11"]
[TimeControl "180+1"]
[Date "2022.05.03"]
[WhiteClock "0:00:04"]
[BlackClock "0:01:11"]

1. e4 c5 2. Nf3 Nc6 3. Bc4 e6 4. O-O Nf6 5. e5 Ng4 6. Re1 d6 7. exd6 Bxd6 8. Nc3 O-O 9. Ne4 Be7 10. d3 Nge5 11. Nxe5 Nxe5 12. Bb3 Nc6 13. Be3 b6 14. Qh5 Bb7 15. Rad1 Nd4 16. Bxd4 Qxd4 17. c3 Qd8 18. d4 cxd4 19. Rxd4 Qc7 20. Ng5 h6 21. Nxe6 fxe6 22. Rxe6 Kh7 23. Rxh6+ gxh6 24. Bc2+ Be4 25. Bxe4+ Kg7 26. Qg6+ Kh8 27. Qxh6+ Kg8 28. Qg6+ Kh8 29. Rd8 Bxd8 30. Qh6+ Kg8 31. Bxa8 Qe5 32. Qg6+ Kh8 33. Be4 Qg7 34. Qh5+ Kg8 35. Bd5+ Rf7 36. g3 Kf8 37. Qxf7+ Qxf7 38. Bxf7 Kxf7 39. f4 b5 40. Kg2 Ke6 41. Kf3 Kd5 42. g4 Kc4 43. g5 Kd3 44. h4 Kc2 45. h5 Kxb2 46. h6 Ba5 47. g6 Bxc3 48. g7 Kxa2 49. g8=Q+ Ka3 50. h7 b4 51. h8=Q Bxh8 52. Qxh8 a5 53. Qa1+ Kb3 54. Qxa5 Kc4 55. f5 b3 56. f6 Kd3 57. f7 b2 58. f8=Q Kc2 59. Qff5+ Kc1 60. Ke3 b1=Q 61. Qc3+ Qc2 62. Qf1# 1-0


[Site "https://www.chess.com"]

[Event "Titled Tuesday Blitz May 03 Late 2022"]
[White "Silvestre, Christian"]
[Black "Stanisz, Patryk"]
[WhiteFideId "30956269"]
[BlackFideId "1123106"]
[WhiteElo "2414"]
[BlackElo "1833"]
[Result "1-0"]
[Round "11"]
[TimeControl "180+1"]
[Date "2022.05.03"]
[WhiteClock "0:00:14"]
[BlackClock "0:00:07"]

1. Nf3 d5 2. d4 c6 3. g3 Nf6 4. Bg2 Bf5 5. O-O h6 6. c4 e6 7. Nc3 Nbd7 8. Re1 Ne4 9. Nxe4 Bxe4 10. Nd2 Bxg2 11. Kxg2 Be7 12. Qc2 O-O 13. e4 dxe4 14. Nxe4 Nf6 15. Be3 Qa5 16. a3 Rfd8 17. b4 Qf5 18. Nxf6+ Qxf6 19. Rad1 Rd7 20. Bf4 a5 21. Be5 Qf5 22. Qxf5 exf5 23. d5 cxd5 24. c5 axb4 25. axb4 Ra4 26. Bc3 Kf8 27. Rd3 d4 28. Rxd4 Rxd4 29. Bxd4 g5 30. Ra1 Rxa1 31. Bxa1 Ke8 32. Kf3 Kd7 33. Ke2 b6 34. cxb6 Bxb4 35. Bg7 h5 36. Bf6 g4 37. Be5 Bc5 38. b7 Ba7 39. b8=Q Bxb8 40. Bxb8 Ke6 41. Bf4 f6 42. Kd3 Kd5 43. Be3 Ke5 44. Kc4 Ke4 45. Kc5 Kf3 46. Kd5 f4 47. Bxf4 Kxf2 48. Ke6 Kg2 49. Kxf6 Kxh2 50. Kg5 Kh3 51. Kxh5 Kg2 52. Kxg4 Kh2 53. Kf5 Kg2 54. g4 Kh3 55. g5 Kh4 56. g6 Kh5 57. g7 1-0


[Site "https://www.chess.com"]

[Event "Titled Tuesday Blitz May 03 Late 2022"]
[White "Simonovic, Miroslav"]
[Black "Remolar Gallen, Jose"]
[WhiteFideId "919152"]
[BlackFideId "2215187"]
[WhiteElo "2043"]
[BlackElo "2205"]
[Result "0-1"]
[Round "11"]
[TimeControl "180+1"]
[Date "2022.05.03"]
[WhiteClock "0:00:02"]
[BlackClock "0:00:15"]

1. d4 d5 2. Bg5 c5 3. c3 Nc6 4. e3 h6 5. Bh4 g5 6. Bg3 Bg7 7. dxc5 Nf6 8. Nd2 a5 9. Bb5 Bd7 10. a4 b6 11. Nb3 Ne4 12. Ne2 e6 13. cxb6 Qxb6 14. Nbd4 h5 15. f3 Nxg3 16. hxg3 Ne5 17. Bxd7+ Kxd7 18. Qb3 Qxb3 19. Nxb3 Nd3+ 20. Kd1 Nxb2+ 21. Kc2 Nc4 22. Kd3 Rab8 23. Rab1 h4 24. gxh4 gxh4 25. Nc5+ Kc6 26. Rxb8 Rxb8 27. Na6 Rb2 28. Nd4+ Kd6 29. Nb5+ Kc6 30. Rd1 Rxg2 31. e4 Nb2+ 0-1


[Site "https://www.chess.com"]

[Event "Titled Tuesday Blitz May 03 Late 2022"]
[White "Skliarov, Viktor"]
[Black "Suarez Uriel, Adrian"]
[WhiteFideId "14106736"]
[BlackFideId "22230874"]
[WhiteElo "2229"]
[BlackElo "2316"]
[Result "1-0"]
[Round "11"]
[TimeControl "180+1"]
[Date "2022.05.03"]
[WhiteClock "0:00:24"]
[BlackClock "0:01:20"]

1. e4 c5 2. Nf3 Nc6 3. Bb5 g6 4. O-O Bg7 5. Re1 e5 6. Bxc6 dxc6 7. d3 Qd6 8. Be3 Nf6 9. Nbd2 Nd7 10. a3 b6 11. b4 cxb4 12. Nc4 Qe7 13. axb4 O-O 14. Nxb6 Nxb6 15. Bxb6 Qxb4 16. Bxa7 Bg4 17. Be3 Rxa1 18. Qxa1 Bxf3 19. gxf3 Qe7 20. Qa7 Qh4 21. Kg2 Bh6 22. Rb1 Bf4 23. Bxf4 exf4 24. Rb8 Qg5+ 25. Kf1 Rxb8 26. Qxb8+ Kg7 27. Ke2 Qh4 28. Qe5+ Kh6 29. d4 Qxh2 30. d5 cxd5 31. exd5 Qh4 32. d6 Qd8 33. Qe7 Qc8 34. d7 Qxc2+ 35. Kf1 Qd1+ 36. Kg2 1-0


[Site "https://www.chess.com"]

[Event "Titled Tuesday Blitz May 03 Late 2022"]
[White "Skytte, Rasmus"]
[Black "Kohler, Aran"]
[WhiteFideId "1404210"]
[BlackFideId "1002856"]
[WhiteElo "2430"]
[BlackElo "2319"]
[Result "1-0"]
[Round "11"]
[TimeControl "180+1"]
[Date "2022.05.03"]
[WhiteClock "0:00:10"]
[BlackClock "0:00:13"]

1. e4 c5 2. Nf3 d6 3. c3 Nf6 4. Be2 Nc6 5. d4 cxd4 6. cxd4 Nxe4 7. d5 Qa5+ 8. Nc3 Nb8 9. O-O Nxc3 10. bxc3 e5 11. dxe6 Bxe6 12. Nd4 Be7 13. Nxe6 fxe6 14. Qb3 Nd7 15. Qxe6 Qe5 16. Qc4 d5 17. Qb5 O-O-O 18. Be3 a6 19. Qa5 Qc7 20. Qxd5 Nc5 21. Qf5+ Kb8 22. Rab1 Ka8 23. Bf3 Rb8 24. Bxc5 Bxc5 25. Qe6 Ka7 26. Rfd1 Rhe8 27. Qg4 Re7 28. h4 Qe5 29. Qc4 g6 30. Rd5 Bxf2+ 31. Kxf2 Qe3+ 32. Kg3 g5 33. Qd4+ Qxd4 34. cxd4 gxh4+ 35. Kxh4 Rg7 36. Rg5 Rf7 37. Kg4 Rd7 38. Kh5 Rxd4 39. Rg7 Rd5+ 40. Kh6 Rb5 41. Rxb5 axb5 42. Kxh7 Ka6 43. Rg8 b6 44. Rxb8 Ka5 45. Ra8+ Kb4 46. g4 1-0


[Site "https://www.chess.com"]

[Event "Titled Tuesday Blitz May 03 Late 2022"]
[White "Stevens, Christian"]
[Black "Erdogdu, Mert"]
[WhiteFideId "2604450"]
[BlackFideId "6301495"]
[WhiteElo "2519"]
[BlackElo "2485"]
[Result "1-0"]
[Round "11"]
[TimeControl "180+1"]
[Date "2022.05.03"]
[WhiteClock "0:00:05"]
[BlackClock "0:00:06"]

1. Nf3 d5 2. e3 Nf6 3. c4 c6 4. Nc3 Bg4 5. cxd5 cxd5 6. Qb3 Bc8 7. Ne5 Nc6 8. Bb5 Bd7 9. Nxd7 Qxd7 10. d4 e6 11. O-O Bd6 12. Bd2 O-O 13. h3 Rfc8 14. Rfc1 a6 15. Bd3 Na5 16. Qd1 Nc4 17. Na4 Nxd2 18. Rxc8+ Qxc8 19. Qxd2 Qc6 20. Nc3 Rc8 21. Rc1 Rc7 22. Rc2 Qd7 23. Ne2 g6 24. a3 b5 25. Qa5 Rxc2 26. Bxc2 Qc8 27. Bd3 Nd7 28. a4 Bc7 29. Qb4 bxa4 30. Qxa4 a5 31. Nc3 Nf6 32. Kf1 Qb8 33. Qb5 Qd8 34. Qc6 h5 35. Nb5 Bb6 36. Nd6 Kg7 37. Ke2 g5 38. Nb5 g4 39. hxg4 hxg4 40. Qd6 Qxd6 41. Nxd6 Kf8 42. Bb5 Ke7 43. Nc8+ Kd8 44. Nxb6 Kc7 45. Na4 Ne4 46. Bd3 Nd6 47. Nc3 Kb6 48. g3 Kc6 49. e4 dxe4 50. Nxe4 Nf5 51. Nf6 Nxd4+ 52. Ke3 Kc5 53. Nxg4 Nb3 54. Ne5 f5 55. Nd7+ Kd6 56. Nb6 Nc5 57. Nc4+ Kd5 58. Nxa5 Na4 59. Nc4 Kc5 60. b3 Nc3 61. Bc2 Nd5+ 62. Ke2 Kd4 63. Ne3 Nb4 64. Kf3 Ke5 65. Bd1 Nd3 66. Nc4+ Kd4 67. Ke2 Nb4 68. Kd2 Nd5 69. Ne3 Nb4 70. Nc2+ Nxc2 71. Bxc2 Kc5 72. Kc3 Kd5 73. b4 Ke5 74. f4+ Kd5 75. Bb3+ Kd6 76. Kd4 1-0


[Site "https://www.chess.com"]

[Event "Titled Tuesday Blitz May 03 Late 2022"]
[White "Stojanovski, Sandi"]
[Black "Kim, Sergey"]
[WhiteFideId "1403249"]
[BlackFideId "13700570"]
[WhiteElo "2314"]
[BlackElo "2511"]
[Result "0-1"]
[Round "11"]
[TimeControl "180+1"]
[Date "2022.05.03"]
[WhiteClock "0:00:24"]
[BlackClock "0:01:59"]

1. d3 Nf6 2. Nf3 g6 3. g3 Bg7 4. Bg2 d6 5. O-O O-O 6. c4 e5 7. Nc3 Nh5 8. d4 exd4 9. Nxd4 Nd7 10. e4 Nc5 11. Be3 c6 12. Re1 a5 13. Qd2 a4 14. Bh6 Qa5 15. Bxg7 Nxg7 16. Rad1 Re8 17. Nc2 Be6 18. Na3 Red8 19. Ne2 Qb6 20. Nf4 Ne8 21. h4 Nf6 22. Qc3 Ng4 23. Bh3 h5 24. Nxe6 Nxe6 25. Kg2 Qxf2+ 0-1


[Site "https://www.chess.com"]

[Event "Titled Tuesday Blitz May 03 Late 2022"]
[White "Tanenbaum, Zachary"]
[Black "Thybo, Jesper Sondergaard"]
[WhiteFideId "2060850"]
[BlackFideId "1438832"]
[WhiteElo "2168"]
[BlackElo "2316"]
[Result "1-0"]
[Round "11"]
[TimeControl "180+1"]
[Date "2022.05.03"]
[WhiteClock "0:00:43"]
[BlackClock "0:00:06"]

1. e4 c5 2. Nf3 d6 3. d4 cxd4 4. Nxd4 Nf6 5. Nc3 Nc6 6. Bg5 e6 7. Bb5 Bd7 8. Qd3 Be7 9. O-O-O O-O 10. Bxc6 bxc6 11. Nb3 d5 12. e5 Ne8 13. Bxe7 Qxe7 14. Qd4 Nc7 15. f4 Nb5 16. Qc5 Qxc5 17. Nxc5 Nxc3 18. bxc3 Rfd8 19. Kd2 Be8 20. Rb1 Rdb8 21. Ke3 Rb6 22. Kd4 Rab8 23. Rb3 Kf8 24. Rhb1 Ke7 25. a4 f6 26. a5 Rb5 27. Rxb5 cxb5 28. Re1 f5 29. h3 Bh5 30. Rg1 Be2 31. g4 fxg4 32. hxg4 Rf8 33. Ke3 Bc4 34. f5 exf5 35. gxf5 Rxf5 36. Rxg7+ Rf7 37. Rg8 Rf5 38. Ra8 Rxe5+ 39. Kd4 Re2 40. Rxa7+ Kd6 41. Rxh7 Rd2+ 42. Nd3 Rxc2 43. Rh6+ Kc7 44. Nb4 Rd2+ 45. Kc5 Rd1 46. Rh7+ Kc8 47. Nc6 Ra1 48. Kb6 1-0


[Site "https://www.chess.com"]

[Event "Titled Tuesday Blitz May 03 Late 2022"]
[White "Tang, Andrew"]
[Black "Drygalov, Sergey"]
[WhiteFideId "2059630"]
[BlackFideId "24171743"]
[WhiteElo "2584"]
[BlackElo "2514"]
[Result "0-1"]
[Round "11"]
[TimeControl "180+1"]
[Date "2022.05.03"]
[WhiteClock "0:00:01"]
[BlackClock "0:00:50"]

1. d4 Nf6 2. c4 e6 3. Nc3 Bb4 4. Qc2 d5 5. cxd5 exd5 6. Bg5 h6 7. Bh4 g5 8. Bg3 Nc6 9. e3 h5 10. h3 Ne4 11. Bh2 Qf6 12. Nf3 g4 13. Ne5 g3 14. fxg3 Bxc3+ 15. bxc3 Nxe5 16. dxe5 Qxe5 17. Bd3 Nxg3 18. Kd2 h4 19. Rhe1 Be6 20. Qa4+ c6 21. Rab1 Qc7 22. Rb4 b5 23. Rxh4 bxa4 24. Rxh8+ Ke7 25. Rxa8 Qb7 26. Rxa7 Qxa7 27. Bxg3 a3 28. Rb1 d4 29. exd4 Bxa2 30. Ra1 Bb3 31. Bh4+ Kd7 32. Bf6 a2 33. c4 Qa5+ 34. Ke3 Qc3 35. d5 Qxf6 0-1


[Site "https://www.chess.com"]

[Event "Titled Tuesday Blitz May 03 Late 2022"]
[White "Tisaj, Domen"]
[Black "Sarana, Alexey"]
[WhiteFideId "14628708"]
[BlackFideId "24133795"]
[WhiteElo "2333"]
[BlackElo "2666"]
[Result "0-1"]
[Round "11"]
[TimeControl "180+1"]
[Date "2022.05.03"]
[WhiteClock "0:00:10"]
[BlackClock "0:01:04"]

1. d4 Nf6 2. c4 e6 3. Nf3 d5 4. g3 h6 5. Bg2 Bd6 6. O-O O-O 7. Nc3 Nc6 8. c5 Be7 9. Rb1 a5 10. Bf4 b6 11. cxb6 cxb6 12. Rc1 Bb7 13. a3 Rc8 14. Qb3 Ba6 15. Rfe1 Ne4 16. Nb5 Qd7 17. a4 Bb4 18. Red1 f6 19. Nd2 Bxb5 20. axb5 Nxd4 21. Qe3 Rxc1 22. Rxc1 Bxd2 23. Qxd4 Bxc1 24. Bxc1 Qxb5 25. Bxe4 dxe4 26. Qxe4 Qd5 27. Qc2 Rd8 28. Qc3 Qd1+ 29. Kg2 Qxe2 30. Be3 Qb5 31. Qc7 Qd7 32. Qxb6 a4 33. h4 h5 34. Qa5 Qd5+ 35. Qxd5 Rxd5 0-1


[Site "https://www.chess.com"]

[Event "Titled Tuesday Blitz May 03 Late 2022"]
[White "Toncheva, Nadya"]
[Black "Vusatiuk, Vladimir"]
[WhiteFideId "2924056"]
[BlackFideId "14118610"]
[WhiteElo "1884"]
[BlackElo "2157"]
[Result "1-0"]
[Round "11"]
[TimeControl "180+1"]
[Date "2022.05.03"]
[WhiteClock "0:00:04"]
[BlackClock "0:00:03"]

1. e4 c5 2. Nf3 e6 3. d4 cxd4 4. Nxd4 a6 5. c4 Nf6 6. Nc3 Qc7 7. Be2 d6 8. O-O b6 9. Be3 Bb7 10. f3 Nbd7 11. Qd2 Be7 12. Rfd1 O-O 13. b4 Rac8 14. Nb3 Qb8 15. Na4 Bc6 16. Nc3 Rfd8 17. Rac1 Ne5 18. Qd4 Ned7 19. f4 e5 20. Qd3 exf4 21. Bxf4 Ne5 22. Qe3 Ba8 23. Nd5 Nxd5 24. exd5 Bf6 25. Nd4 Re8 26. Qf2 b5 27. cxb5 Rxc1 28. Bxc1 Bxd5 29. bxa6 Bxa2 30. Nf5 d5 31. Bf4 Qxb4 32. a7 Nc6 33. Bd6 Qb7 34. Bf3 g6 35. Nh6+ Kg7 36. Ng4 Bd4 37. Rxd4 Nxd4 38. Qxd4+ Kg8 39. Nh6# 1-0


[Site "https://www.chess.com"]

[Event "Titled Tuesday Blitz May 03 Late 2022"]
[White "Turutin, Alexander"]
[Black "Melikhov, Evgeny V."]
[WhiteFideId "4180623"]
[BlackFideId "4122046"]
[WhiteElo "2402"]
[BlackElo "1931"]
[Result "1-0"]
[Round "11"]
[TimeControl "180+1"]
[Date "2022.05.03"]
[WhiteClock "0:00:34"]
[BlackClock "0:01:17"]

1. e4 e5 2. Nf3 Nc6 3. Bb5 a6 4. Ba4 Nf6 5. O-O Nxe4 6. d4 b5 7. Bb3 d5 8. dxe5 Be6 9. Nbd2 Bc5 10. Qe2 Bf5 11. c3 Nxd2 12. Bxd2 Na5 13. Nd4 Bxd4 14. cxd4 Nxb3 15. axb3 O-O 16. Rfc1 Qe7 17. Rc5 f6 18. Rac1 fxe5 19. Rxc7 Qh4 20. Qxe5 Rf6 21. Qxd5+ Be6 22. Qxa8+ Rf8 23. g3 Qxd4 24. Qa7 Qe4 25. Rxg7+ Kh8 26. Bc3 1-0


[Site "https://www.chess.com"]